 Dungeon Crawl Stone Soup version 0.26-a0-812-g31a745ddcd (webtiles) character file.

Game seed: 8915093748236980185

129449 kae the Severer (level 17, -9/151 (152) HPs)
             Began as a Hill Orc Fighter on Nov 27, 2020.
             Was the Champion of Qazlal.
             Mangled by a profane servitor
             ... wielding a +3 demon whip
              (19 damage)
             ... on level 2 of the Abyss.
             The game lasted 00:22:17 (24361 turns).

kae the Severer (Hill Orc Fighter)                 Turns: 24361, Time: 00:22:18

HP:   -9/151 (152)  AC: 27    Str: 27    XL:     17   Next: 5%
MP:   27/27         EV: 17    Int:  9    God:    Qazlal [******]
Gold: 1233          SH: 13    Dex: 14    Spells: 16/16 levels left

rFire    + + .     SeeInvis .   r - +0 battleaxe (drain)
rCold    x . .     Faith    .   (shield currently unavailable)
rNeg     . . .     Spirit   .   V - +0 fire dragon scales
rPois    +         Reflect  +   C - +2 helmet of Marbles {Regen+}
rElec    .         Harm     .   K - +3 cloak of the Fife {Dex+3 Stlth+}
rCorr    .         Rampage  .   J - +2 pair of gloves
MR       +....     Clarity  +   y - +1 pair of boots
Stlth    +.........             f - amulet of reflection
HPRegen  0.75/turn              A - ring of the Octopus King {AC+1 EV+1 Str+1 Int+1 Dex+1 Stlth+}
MPRegen  0.20/turn              s - ring of poison resistance

@: wreathed by umbra, heavily drained, repel missiles
A: clarity, sturdy frame 1
a: Upheaval, Elemental Force, Disaster Area, Renounce Religion


You were on level 2 of the Abyss.
You worshipped Qazlal.
Qazlal was exalted by your worship.
You visited 4 branches of the dungeon, and saw 22 of its levels.
You visited the Abyss 1 time.
You also visited: Volcano.

You collected 1523 gold pieces.
You spent 290 gold pieces at shops.

Inventory:

Hand Weapons
 r - a +0 battleaxe of draining (weapon)
Armour
 y - a +1 pair of boots (worn)
 C - the +2 helmet of Marbles (worn) {Regen+}
   (You bought it in a shop on level 8 of the Dungeon)

   It increases your rate of regeneration.
 J - a +2 pair of gloves (worn)
 K - the +3 cloak of the Fife (worn) {Dex+3 Stlth+}
   (You found it on level 10 of the Dungeon)

   It affects your dexterity (+3).
   It makes you more stealthy.
 V - +0 fire dragon scales (worn)
Jewellery
 a - a +6 ring of strength
 f - an amulet of reflection (around neck)
 m - an uncursed ring of positive energy
 s - a ring of poison resistance (right hand)
 v - a +6 ring of strength
 A - a ring of the Octopus King (left hand) {AC+1 EV+1 Str+1 Int+1 Dex+1 Stlth+}
   (You found it on level 8 of the Dungeon)

   [ring of stealth]

   It affects your AC (+1).
   It affects your evasion (+1).
   It affects your strength (+1).
   It affects your intelligence (+1).
   It affects your dexterity (+1).
   It makes you more stealthy.
 D - an uncursed ring of protection from fire
 G - an uncursed amulet of magic regeneration
 L - a +6 ring of intelligence
 O - an uncursed ring of resist corrosion
 P - an uncursed ring of flight
 S - an uncursed ring of magical power
 U - an uncursed ring of positive energy
 W - an uncursed ring of ice
Wands
 b - a wand of polymorph (3)
 e - a wand of flame (29)
 t - a wand of random effects (29)
 w - a wand of digging (5)
 x - a wand of enslavement (8)
 E - a wand of disintegration (41)
 H - a wand of paralysis (14)
 N - a wand of acid (15)
 X - a wand of iceblast (7)
Scrolls
 c - 3 scrolls of enchant weapon
 d - 6 scrolls of fog
 h - 5 scrolls of teleportation
 i - 9 scrolls of remove curse
 j - 7 scrolls of identify
 k - 2 scrolls of blinking
 F - 2 scrolls of enchant armour
 M - 4 scrolls of amnesia
 R - 5 scrolls of fear
Potions
 g - 7 potions of brilliance
 l - 6 potions of haste
 n - a potion of invisibility
 o - 3 potions of resistance
 p - 2 potions of cancellation
 q - a potion of mutation
 u - 9 potions of attraction
 z - 9 potions of flight
 B - a potion of magic
 I - 5 potions of curing
 Q - a potion of heal wounds
 T - a potion of berserk rage
 Y - a potion of might


   Skills:
 + Level 14.0(12.2) Fighting
 * Level 20.0(17.9) Axes
 + Level 13.0(11.2) Armour
 + Level 10.0(8.3) Dodging
   Level 3.2(1.9) Shields
 + Level 13.9(12.1) Invocations
 - Level 5.5(4.0) Evocations


You had 16 spell levels left.
You didn't know any spells.
Your spell library contained the following spells:

 Spells                   Type           Power        Failure   Level
 Magic Dart               Conj           #...         56%         1
 Sting                    Tmut/Pois      #...         56%         1
 Summon Small Mammal      Summ           #...         56%         1
 Blink                    Tloc           N/A          71%         2
 Call Imp                 Summ           #.......     71%         2
 Poisonous Vapours        Pois/Air       #.....       71%         2
 Slow                     Hex            #.......     71%         2
 Call Canine Familiar     Summ           #.......     90%         3
 Conjure Flame            Conj/Fire      #.......     90%         3
 Ignite Poison            Fire/Tmut/Pois #.......     90%         3
 Mephitic Cloud           Conj/Pois/Air  #.......     90%         3
 Summon Guardian Golem    Hex/Summ       #.......     90%         3
 Olgreb's Toxic Radiance  Pois           #.......     100%        4
 Summon Ice Beast         Ice/Summ       #.......     100%        4
 Summon Lightning Spire   Summ/Air       #.......     100%        4
 Malign Gateway           Summ/Tloc      #.........   100%        7
 Monstrous Menagerie      Summ           #.........   100%        7
 Summon Greater Demon     Summ           #.........   100%        7
 Summon Horrible Things   Summ           #.........   100%        8


Dungeon Overview and Level Annotations

Branches:
Dungeon (14/15)            Temple (1/1) D:5            Lair (6/6) D:8
  Swamp (0/4) Lair:3        Snake (0/4) Lair:4        Slime (1/5) Lair:6
    Orc (0/2) D:9          Vaults (0/5) D:13        Volcano (visited)

Altars:
Ashenzari
Cheibriados
Dithmenos
Elyvilon
Fedhas
Gozag
Hepliaklqana
Kikubaaqudgha
Makhleb
Nemelex Xobeh
Okawaru
Qazlal
Ru
Sif Muna
Trog
Uskayaw
Vehumet
Wu Jian
Xom
Yredelemnul
Zin
The Shining One

Shops:
D:8 [   D:12 =

Annotations:
D:8 1 runed translucent door, Fastnbulbous's ghost, novice DsFi


Innate Abilities, Weirdness & Mutations

You possess an exceptional clarity of mind.
Your movements are slightly less encumbered by armour. (ER -2)


Message History

The profane servitor hits you but does no damage.
The profane servitor hits you with a +3 demon whip.
* * * LOW HITPOINT WARNING * * *
The profane servitor draws strength from your injuries!
The profane servitor hits you but does no damage.
You miss the profane servitor.
The profane servitor is heavily damaged.
The profane servitor misses you.
The profane servitor hits you but does no damage.
You closely miss the profane servitor.
The profane servitor is heavily damaged.
You hear a bellow!
The profane servitor hits you with a +3 demon whip!
* * * LOW HITPOINT WARNING * * *
The profane servitor draws strength from your injuries!
The profane servitor hits you but does no damage.
You hit the profane servitor but do no damage.
The profane servitor is moderately damaged.
The profane servitor hits you with a +3 demon whip!!
You die...

# ## #. #. #
.#.#.####. . .
..#.§..# # .
#. #..A# ##
.## .. ##@#
..#
#....##.##...#
#. . #.####.#
.#. # ... #.
## ..≈≈ # ..
## # .. # #..
# #. # .#.## .
. .. . #. #..
# # .. .# . .
.. .. #.#. .#


You could see a profane servitor.

Vanquished Creatures
  A stone giant (Volcano)
  4 entropy weavers (Lair:3)
  Azrael (D:12)
  Harold (Lair:1)
  Fannar (D:12)
  4 ghost crabs (Lair:3)
  6 hydras
  2 centaur warriors (D:13)
  3 death yaks
  A death knight (D:11)
  4 two-headed ogres
  An ogre mage (D:13)
  2 tengu warriors
  6 fire crabs (Lair:3)
  Pikel (D:9)
  2 lindwurms (Lair:5)
  A deep elf mage (D:13)
  5 cyclopes
  2 black mambas
  Maurice (D:9)
  22 elephants
  An apocalypse crab (Lair:3)
  Psyche (D:9)
  3 torpor snails
  2 molten gargoyles (Volcano)
  4 gargoyles
  26 cane toads
  2 kobold demonologists
  Maggie (D:10)
  3 rime drakes
  A freezing wraith (D:11)
  2 efreet
  14 komodo dragons
  A polar bear (Lair:5)
  Grinder (D:3)
  3 tyrant leeches (Lair:6)
  Prince Ribbit (D:5)
  7 slime creatures
  13 hornets
  27 blink frogs
  5 dream sheep (Lair:6)
  A ynoxinul (Abyss:2)
  4 wyverns
  2 vampires
  2 fire elementals (D:12)
  6 fire bats (Volcano)
  5 basilisks
  71 yaks
  12 vampire mosquitoes
  2 steam dragons (D:5)
  3 nagas (Lair:4)
  17 water moccasins
  A soldier ant (D:11)
  2 acid dragons (D:11)
  A hell hound (D:12)
  An ice beast (D:10)
  7 orc warriors
  A swamp drake (D:10)
  2 eyes of draining (D:11)
  4 sky beasts
  5 black bears
  6 necrophages
  11 ogres
  20 wolves
  2 phantoms
  17 centaurs
  An elf zombie (D:8)
  3 big kobolds
  An earth elemental (Volcano)
  25 bullfrogs
  A wyvern skeleton (D:12)
  3 scorpions
  17 killer bees
  A troll skeleton (D:8)
  11 wights
  7 electric eels
  3 howler monkeys
  7 lava snakes (Volcano)
  A centaur zombie (D:9)
  6 hounds
  2 quasits
  3 bullfrog zombies
  4 human zombies (D:8)
  2 bullfrog skeletons (D:6)
  8 jellies
  2 centaur skeletons
  8 orc priests
  A gnoll shaman (D:7)
  Jessica (D:3)
  11 iguanas
  6 orc wizards
  A human skeleton (D:8)
  14 worker ants
  2 hound zombies
  A hound skeleton (D:10)
  2 worker ant zombies
  11 gnolls
  12 adders
  3 shadow imps
  4 ufetubi
  An ooze (D:3)
  3 adder zombies
  An adder skeleton (D:6)
  6 worms
  7 dart slugs
  16 leopard geckos
  44 orcs
  9 bats
  3 giant cockroaches
  15 goblins
  7 hobgoblins
  3 jackals (D:6)
  7 quokkas
  18 frilled lizards
  14 kobolds
  2 leopard gecko skeletons
  2 orc skeletons (D:8)
  A quokka skeleton (D:7)
  9 rats
747 creatures vanquished.

Vanquished Creatures (others)
  A centaur skeleton (D:12)
  A fire elemental (D:12)
  A hell hound (D:12)
  A worker ant zombie (D:11)
  A leopard gecko (D:10)
  A kobold (D:11)
  A frilled lizard (D:10)
  35 fungi
  159 plants
201 creatures vanquished.

Grand Total: 948 creatures vanquished

Notes
Turn   | Place    | Note
-------+----------+-------------------------------------------
     0 | D:1      | kae the Hill Orc Fighter began the quest for the Orb.
     0 | D:1      | Reached XP level 1. HP: 19/19 MP: 1/1
   251 | D:1      | Reached skill level 3 in Axes
   260 | D:1      | Reached XP level 2. HP: 26/27 MP: 2/2
   718 | D:1      | Reached XP level 3. HP: 30/33 MP: 3/3
  1329 | D:2      | Reached skill level 4 in Axes
  1329 | D:2      | Reached skill level 1 in Dodging
  1329 | D:2      | Reached XP level 4. HP: 25/40 MP: 4/4
  1903 | D:2      | Reached XP level 5. HP: 42/47 MP: 5/5
  2644 | D:3      | Reached skill level 5 in Axes
  2957 | D:3      | Noticed a centaur
  2967 | D:3      | Killed a centaur
  2967 | D:3      | Reached XP level 6. HP: 22/55 MP: 6/6
  3204 | D:3      | Noticed Grinder
  3217 | D:3      | Noticed Jessica
  3217 | D:3      | Paralysed by Grinder for 3 turns
  3229 | D:3      | Killed Grinder
  3229 | D:3      | Reached skill level 5 in Fighting
  3229 | D:3      | Reached skill level 6 in Axes
  3229 | D:3      | Reached XP level 7. HP: 17/61 MP: 7/7
  3230 | D:3      | Killed Jessica
  3462 | D:3      | Found an opulent altar of Gozag.
  3851 | D:4      | Reached skill level 7 in Axes
  3867 | D:4      | Found a blossoming altar of Fedhas.
  3946 | D:4      | Reached skill level 5 in Armour
  4251 | D:4      | Found a glowing golden altar of the Shining One.
  4359 | D:4      | Reached XP level 8. HP: 8/70 MP: 8/8
  5044 | D:5      | Entered Level 5 of the Dungeon
  5166 | D:5      | Noticed Prince Ribbit
  5172 | D:5      | Reached skill level 8 in Axes
  5484 | D:5      | Found a staircase to the Ecumenical Temple.
  5500 | Temple   | Entered the Ecumenical Temple
  5650 | Temple   | Became a worshipper of Qazlal Stormbringer
  5780 | D:5      | Reached skill level 1 in Invocations
  5807 | D:5      | Killed Prince Ribbit
  6053 | D:5      | Reached skill level 9 in Axes
  6063 | D:5      | HP: 1/71 [steam dragon/ball of steam (5)]
  6600 | D:6      | Reached XP level 9. HP: 78/78 MP: 9/11
  7160 | D:7      | Reached skill level 10 in Axes
  7435 | D:7      | Found a burning altar of Makhleb.
  7758 | D:7      | Reached * piety under Qazlal
  8249 | D:8      | Found a blossoming altar of Fedhas.
  8532 | D:8      | Found Wichoepa's Armour Shoppe.
  8540 | D:8      | Bought the +2 helmet of Marbles {Regen+} for 258 gold
                  | pieces
  8572 | D:8      | Found the ring of the Octopus King
  8581 | D:8      | Got a ring of the Octopus King
  8658 | D:8      | Found an ancient bone altar of Kikubaaqudgha.
  8658 | D:8      | Found a glowing silver altar of Zin.
  8658 | D:8      | Found an ornate altar of the Wu Jian Council.
  8710 | D:8      | Reached skill level 11 in Axes
  8710 | D:8      | Reached skill level 5 in Invocations
  8724 | D:8      | Found a basalt altar of Yredelemnul.
  8736 | D:8      | Reached XP level 10. HP: 85/88 MP: 13/13
  8753 | D:8      | Reached ** piety under Qazlal
  8831 | D:8      | Noticed a death yak
  8831 | D:8      | Noticed a death yak
  8831 | D:8      | Noticed a death yak
  8832 | D:8      | Noticed a death yak
  8832 | D:8      | Noticed a death yak
  8914 | D:7      | Identified a ring of the Octopus King {AC+1 EV+1 Str+1
                  | Int+1 Dex+1 Stlth+} (You found it on level 8 of the
                  | Dungeon)
  9075 | D:7      | HP: 3/88 [death yak (8)]
  9076 | D:7      | Killed a death yak
  9076 | D:7      | Reached skill level 5 in Dodging
  9320 | D:8      | Found a staircase to the Lair.
  9389 | D:8      | Found a runed translucent door.
  9389 | D:8      | Noticed Fastnbulbous's ghost (novice DsFi)
  9599 | D:9      | Noticed Psyche
  9602 | D:9      | Killed Psyche
  9667 | D:9      | Noticed Maurice
  9706 | D:9      | Killed Maurice
  9706 | D:9      | Reached skill level 12 in Axes
  9745 | D:9      | Noticed Pikel
  9755 | D:9      | Killed Pikel
  9933 | D:9      | Found a staircase to the Orcish Mines.
 10001 | D:9      | Noticed a gargoyle
 10016 | D:9      | Killed a gargoyle
 10089 | D:9      | Found a sparkling altar of Nemelex Xobeh.
 10114 | D:9      | Found a broken altar of Ashenzari.
 10149 | D:9      | Reached XP level 11. HP: 69/97 MP: 16/16
 10784 | D:9      | Paralysed by a hornet for 1 turns
 10789 | D:9      | Reached skill level 13 in Axes
 10801 | D:9      | Reached *** piety under Qazlal
 11112 | D:10     | Entered Level 10 of the Dungeon
 11973 | D:10     | Noticed Maggie
 11986 | D:10     | Killed Maggie
 12060 | D:10     | Reached skill level 14 in Axes
 12069 | D:10     | Reached **** piety under Qazlal
 12069 | D:10     | Reached skill level 10 in Fighting
 12108 | D:10     | Got a shimmering cloak
 12119 | D:10     | Identified the +3 cloak of the Fife {Dex+3 Stlth+} (You
                  | found it on level 10 of the Dungeon)
 12578 | D:11     | Noticed a two-headed ogre
 12598 | D:10     | Killed a two-headed ogre
 12598 | D:10     | Reached XP level 12. HP: 67/106 MP: 18/18
 12779 | D:11     | Noticed a two-headed ogre
 12788 | D:11     | Killed a two-headed ogre
 12913 | D:11     | Identified the +9 mace of Harmony {antimagic, +Rage rPois
                  | Str+2 Int-4}
 12943 | D:11     | Noticed a death knight
 13907 | D:11     | Killed a death knight
 13907 | D:11     | Reached skill level 15 in Axes
 14248 | D:11     | Reached skill level 10 in Armour
 14320 | D:11     | Reached skill level 10 in Invocations
 14797 | D:11     | Gained mutation: Your spells are a little easier to cast,
                  | but a little less powerful. [potion of mutation]
 14797 | D:11     | Gained mutation: You are frail. (-10% HP) [potion of
                  | mutation]
 14797 | D:11     | Gained mutation: You are surrounded by a mild repulsion
                  | field. (EV +2) [potion of mutation]
 14798 | D:11     | Lost mutation: You are surrounded by a mild repulsion
                  | field. (EV +2) [potion of mutation]
 14798 | D:11     | Lost mutation: You are frail. (-10% HP) [potion of
                  | mutation]
 14798 | D:11     | Lost mutation: Your spells are a little easier to cast, but
                  | a little less powerful. [potion of mutation]
 14798 | D:11     | Gained mutation: Your mind is acute. (Int +2) [potion of
                  | mutation]
 14798 | D:11     | Gained mutation: You are partially covered in icy blue
                  | scales. (AC +2) [potion of mutation]
 14815 | D:11     | Lost mutation: Your mind is acute. (Int +2) [potion of
                  | mutation]
 14815 | D:11     | Lost mutation: You are partially covered in icy blue
                  | scales. (AC +2) [potion of mutation]
 14815 | D:11     | Gained mutation: Your movements are slightly less
                  | encumbered by armour. (ER -2) [potion of mutation]
 14815 | D:11     | Gained mutation: You possess an exceptional clarity of
                  | mind. [potion of mutation]
 14923 | D:12     | Noticed an eight-headed hydra
 14932 | D:12     | Noticed Fannar
 15188 | D:12     | Noticed Azrael
 15586 | Lair:1   | Entered Level 1 of the Lair of Beasts
 15727 | Lair:1   | Reached XP level 13. HP: 106/115 MP: 20/20
 15949 | Lair:1   | Noticed Harold
 15961 | Lair:1   | Killed Harold
 16757 | Lair:2   | Reached skill level 16 in Axes
 16912 | Lair:2   | Reached ***** piety under Qazlal
 18168 | Lair:3   | Found a staircase to the Swamp.
 18179 | Lair:3   | You fall into a shaft and drop 3 floors!
 18179 | Lair:6   | Entered Level 6 of the Lair of Beasts
 18187 | Lair:6   | Reached skill level 17 in Axes
 18199 | Lair:6   | Reached XP level 14. HP: 88/125 MP: 22/22
 18224 | Lair:6   | Found a staircase to the Slime Pits.
 18232 | Slime:1  | Entered Level 1 of the Pits of Slime
 18233 | Slime:1  | Noticed an acid blob
 18235 | Slime:1  | HP: 2/126 [acid (7)]
 18845 | Lair:6   | Reached skill level 18 in Axes
 18938 | Lair:6   | Reached ****** piety under Qazlal
 20080 | Lair:5   | Found a dark tunnel.
 20088 | Volcano  | Entered a volcano
 20154 | Volcano  | Reached XP level 15. HP: 134/134 MP: 24/24
 20194 | Volcano  | Found a bloodstained altar of Trog.
 20896 | Lair:4   | Reached skill level 19 in Axes
 21227 | Lair:4   | Found a staircase to the Snake Pit.
 22152 | Lair:3   | Found a runed translucent door.
 22552 | Lair:3   | Identified the cursed +3 morningstar of the Singing Oracle
                  | {flame, +Inv +Fly MR- Dex+5}
 22936 | D:12     | Killed Azrael
 23025 | D:12     | Killed Fannar
 23084 | D:12     | Found Nyxtiadd's Jewellery Boutique.
 23092 | D:12     | Bought a cursed amulet of inaccuracy for 32 gold pieces
 23505 | D:12     | Reached skill level 5 in Evocations
 23505 | D:12     | Reached XP level 16. HP: 144/144 MP: 26/26
 23750 | D:13     | Reached XP level 17. HP: 141/151 MP: 27/27
 23892 | D:13     | Found a gate to the Vaults.
 24115 | D:13     | Reached skill level 20 in Axes
 24115 | D:13     | Reached skill level 10 in Dodging
 24283 | D:14     | Cast into level 2 of the Abyss (tengu warrior)
 24317 | Abyss:2  | Noticed a profane servitor
 24361 | Abyss:2  | Mangled by a profane servitor

Illustrated notes

Levels and vault maps discovered:
D:1:      erik_arrival_blinker_ship, layout_basic
D:2:      layout_basic
D:3:      layout_basic, lemuel_round_altar, uniq_grinder, uniq_jessica
D:4:      layout_gridville, marbit_many_paths, fedhas_altar_2
D:5:      kennysheep_steamy, layout_basic, minmay_temple_entry_glassed_door,
          minmay_misc_feat_columns, uniq_prince_ribbit1
D:6:      layout_cave_pools
D:7:      layout_loops_cross, nicolae_overflow_hidden_temple,
          serial_bayou_pond_c
D:8:      layout_rooms, gammafunk_temple_overflow_claw,
          lemuel_mausoleum_altar_yredelemnul, dpeg_lair_monsters, serial_shops,
          nicolae_shop_statue_plus, gammafunk_ghost_grave, basic_altar,
          grunt_potential
D:9:      layout_basic, lemuel_crystal_altar, evilmike_ruin_ashenzari,
          orc_0_dummy, nicolae_wwwww, hive_lemuel, uniq_maurice, uniq_pikel,
          uniq_psyche
D:10:     lemuel_reptile_caves, layout_loops_corners, uniq_maggie
D:11:     minmay_the_grid_octo_tiled_squarecenter_mashed
          [minmay_the_grid_octo_fat_diamond, minmay_the_grid_octo_77,
          minmay_the_grid_octo_thin_diamonds, minmay_the_grid_octo_horde,
          minmay_the_grid_square_5x5_megaprize_open,
          minmay_the_grid_square_5x5_percent,
          minmay_the_grid_square_5x5_minivault,
          minmay_the_grid_square_5x5_tri_point,
          minmay_the_grid_square_5x5_lines], layout_cave_pods
D:12:     layout_gridville, serial_shops, shop, uniq_fannar, uniq_azrael
D:13:     layout_grid_maze, david_vaults_2
D:14:     layout_loops_ring, kennysheep_minor_cross
Temple:   dshaligram_water_room_temple
Lair:1:   layout_loops_ring, infiniplex_staircase_pool, uniq_harold
Lair:2:   layout_gridlike, beast_lair_carwin_5, grunt_megastairs_3
Lair:3:   gammafunk_mikee_crab_dinner, layout_cave_pods,
          minmay_swamp_entry_swarm, st_stairs_6, lemuel_fruit_tree,
          grunt_megastairs_2
Lair:4:   layout_small_grid, guppyfry_snake_entry_island,
          infiniplex_staircase_pool_2
Lair:5:   layout_long_grid, serial_forest, infiniplex_forest_lined_4_way,
          infiniplex_forest_lined_corner, infiniplex_forest_end_2,
          infiniplex_forest_clump_curved, infiniplex_forest_straight_2,
          nicolae_volcano_entry_vermiform
Lair:6:   minmay_lair_end_frog_pond, layout_regular_city, slime_dummy,
          chequers_serial_rivers_room_a, serial_bayou_shore_a
Slime:1:  layout_caves
Abyss:2:  base:
Elf:3

Skill      XL: |  1  2  3  4  5  6  7  8  9 10 11 12 13 14 15 16 17 |
---------------+----------------------------------------------------+-----
Axes           | 3 4 5 6 7 9 11 12 14 15 17 18 19 20 | 20.0
Fighting       | 4 5 6 7 9 10 11 12 13 14 | 14.0
Dodging        | 1 2 3 4 5 6 7 8 9 10 | 10.0
Armour         | 4 5 6 7 8 9 10 11 12 13 | 13.0
Invocations    | 2 5 7 8 10 11 12 13 | 13.9
Evocations     | 5 |  5.5
Shields        | |  3.2

Action                   |  1- 3 |  4- 6 |  7- 9 | 10-12 | 13-15 | 16-18 || total
-------------------------+-------+-------+-------+-------+-------+-------++-------
Melee: War axe           |    92 |   179 |   263 |       |       |       ||   534
       Battleaxe         |       |       |   108 |   768 |   889 |   167 ||  1932
Invok: Upheaval          |       |       |       |     8 |     3 |       ||    11
Evoke: Wand              |       |       |       |     5 |     1 |       ||     6
  Use: Potion            |       |     1 |     6 |     8 |     1 |       ||    16
       Scroll            |       |       |    15 |    17 |     9 |       ||    41
 Stab: Distracted        |       |       |       |       |     2 |       ||     2
Armor: Scale mail        |    56 |    82 |   136 |   277 |   248 |       ||   799
       Skin              |       |       |       |    76 |       |       ||    76
       Fire dragon scale |       |       |       |       |   114 |    62 ||   176
Dodge: Dodged            |    25 |    75 |   176 |   434 |   583 |    86 ||  1379
       Repelled          |       |       |       |     1 |     4 |     2 ||     7
Block: Kite shield       |    38 |    80 |   126 |       |       |       ||   244
       Other             |       |       |     3 |   205 |   536 |    93 ||   837
       Reflection        |       |       |       |    18 |    15 |    13 ||    46

Table legend: (Time is in decaauts)
 A = Elapsed time spent in this place.
 B = Non-inter-level travel time spent in this place.
 C = Inter-level travel time spent in this place.
 D = Time resting spent in this place.
 E = Time spent auto-exploring this place.
 F = Levels seen in this place.
 G = Mean time per level.
                   A        B        C        D        E       F      G
               +--------+--------+--------+--------+--------+-----+--------+
         Total |  24386 |  23087 |   1299 |   3339 |  15111 |  24 | 1016.1 |
       Dungeon |  17087 |  16163 |    924 |   2790 |  10094 |  14 | 1220.5 |
        Temple |    166 |    114 |     52 |      0 |    112 |   1 |  166.0 |
          Lair |   6735 |   6412 |    323 |    540 |   4718 |   6 | 1122.5 |
    Slime Pits |      3 |      3 |      0 |      0 |      0 |   1 |    3.0 |
         Abyss |     65 |     65 |      0 |      0 |     28 |   1 |   65.0 |
       Volcano |    328 |    328 |      0 |      9 |    158 |   1 |  328.0 |
               +--------+--------+--------+--------+--------+-----+--------+

Top non-repeatable levels by time:
    D:11: 2181 daAuts
    D:10: 1871 daAuts
     D:9: 1630 daAuts
     D:4: 1444 daAuts
  Lair:3: 1387 daAuts
     D:7: 1384 daAuts
     D:5: 1384 daAuts
  Lair:6: 1375 daAuts
     D:1: 1350 daAuts
  Lair:1: 1271 daAuts
     D:2: 1240 daAuts
     D:8: 1212 daAuts
     D:3: 1126 daAuts
  Lair:2: 1104 daAuts
    D:12: 1011 daAuts
